 Dungeon Crawl Stone Soup version 0.29.1-15-g9cfb28693d (webtiles) character file.

Game seed: 13483928881813493209

126 croobank the Slasher (level 5, -5/28 HPs)
             Began as a Vine Stalker Fighter on Feb 24, 2023.
             Was a Plaything of Xom.
             Succumbed to Edmund's poison
             ... on level 4 of the Dungeon.
             The game lasted 00:07:00 (2968 turns).

croobank the Slasher (Vine Stalker Fighter)         Turns: 2968, Time: 00:07:00

Health: -5/28      AC:  6    Str: 17    XL:     5   Next: 9%
Magic:  3/6        EV:  9    Int:  7    God:    Xom [.....*]
Gold:   178        SH:  0    Dex: 20    Spells: 4/4 levels left

rFire   . . .      SeeInvis +   a - +0 long sword
rCold   . . .      Faith    .   (no shield)
rNeg    . . .      Spirit   +   b - +0 scale mail
rPois   .          Reflect  .   (no helmet)
rElec   .          Harm     .   (no cloak)
rCorr   .          Rampage  .   (no gloves)
Will    .....                   (no boots)
Stlth   ..........              (no amulet)
HPRegen 0.89/turn               o - ring of see invisible
MPRegen 0.10/turn               (no ring)

@: lethally poisoned (-5 -> -29), attractive
A: fangs 2, regeneration 1, magic shield, antimagic bite, no potion heal 2,
agile 1
a: Renounce Religion


You were on level 4 of the Dungeon.
You worshipped Xom.
You were Xom's teddy bear.
You visited 1 branch of the dungeon, and saw 4 of its levels.

You collected 178 gold pieces.

Inventory:

Hand Weapons
 a - a +0 long sword (weapon)
 e - a +0 whip of flaming
Missiles
 k - 15 poisoned darts (quivered)
Armour
 b - a +0 scale mail (worn)
 c - a +0 buckler
Magical Staves
 s - a staff of earth
 t - a staff of cold
 w - a staff of air
Jewellery
 o - a ring of see invisible (left hand)
Wands
 m - a wand of flame (8)
Scrolls
 f - 2 scrolls of teleportation {unknown}
 g - a scroll of enchant weapon {unknown}
 h - 5 scrolls of identify {unknown}
 i - a scroll of immolation {unknown}
 j - 2 scrolls of vulnerability {unknown}
 l - a scroll of poison {unknown}
 n - a scroll of summoning {unknown}
 p - a scroll of amnesia {unknown}
 q - a scroll of magic mapping {unknown}
 r - a scroll of fog {unknown}
 u - a scroll of blinking {unknown}
Potions
 d - a potion of curing {unknown}
 x - a potion of berserk rage {unknown}


   Skills:
 + Level 3.4 Fighting
 * Level 3.5 Long Blades
 + Level 3.1 Armour
 - Level 2.6 Shields


You had 4 spell levels left.
You didn't know any spells.
Your spell library contained the following spells:

 Spells                   Type           Power      Damage    Failure   Level
 Corpse Rot               Necr/Pois/Air  0%         N/A       100%        4
 Storm Form               Tmut/Air       0%         N/A       100%        7
 Polar Vortex             Ice            0%         N/A       100%        9


Dungeon Overview and Level Annotations

Branches:
Dungeon (4/15)
 Temple: D:4-7

Altars:
Gozag
Trog
Xom

Annotations:
D:3 3 runed translucent doors, THTSBRD's ghost, amateur DrBe
D:4 Edmund


Innate Abilities, Weirdness & Mutations

You have extremely sharp teeth.
Your natural rate of healing is unusually fast.
When hurt, damage is shared between your health and your magic reserves.
Your bite disrupts and absorbs the magic of your enemies.
Potions cannot restore your health.
You are agile. (Dex +4, Str/Int -1)


Message History

HP restored.
Magic restored.
You now have 178 gold pieces (gained 17).
There is a stone staircase leading up here.
Things that are here:
a +0 hand axe; a +0 chain mail
Things that are here:
a +0 flail; a +0 dagger; an orc corpse Xom twists space around you.
Your surroundings suddenly seem different.
Found a bloodstained altar of Trog.
Edmund the Younger comes into view.
He is wielding a +3 flail of venom.
Edmund shouts!
You hear a shout!
Press: ? - help, v - describe, . - travel The floor.
Unknown command.
You slash Edmund!
Edmund is moderately wounded.
Edmund hits you with a +3 flail of venom!
You are poisoned.
You hit Edmund but do no damage. You bite Edmund. You drain his power.
You feel invigorated.
Edmund is moderately wounded.
You feel very sick.
An ufetubus comes into view.
Edmund hits you with a +3 flail of venom.
You are lethally poisoned!
You slash Edmund! You bite Edmund, but do no damage.
Edmund is severely wounded.
* * * LOW HITPOINT WARNING * * *
You feel extremely sick.
Edmund clears his throat.
Edmund hits you with a +3 flail of venom.
* * * LOW HITPOINT WARNING * * *
You are more poisoned.
It was a potion of attraction.
You feel attractive to monsters.
Xom thinks this is hilarious!
You die...
Xom thinks this is hilarious!

. .# .# ####.#
#.... .5.
###@###
##..@..##
#.......#
#.......#
......_.....#
#..#.......#.#
#. #.......# #
# ##.....##
###.### ..


You could see Edmund and an ufetubus.

Vanquished Creatures
  An orc priest (D:4)
  An orc wizard (D:3)
  2 adders (D:2)
  A worm (D:3)
  5 orcs
  8 bats
  5 endoplasms
  4 giant cockroaches
  2 goblins
  3 hobgoblins
  3 quokkas
  A ball python (D:1)
  A frilled lizard (D:1)
  4 kobolds
  2 rats (D:1)
43 creatures vanquished.

Notes
Turn   | Place    | Note
-------+----------+-------------------------------------------
     0 | D:1      | croobank the Vine Stalker Fighter began the quest for the
                  | Orb.
     0 | D:1      | Reached XP level 1. HP: 11/11 MP: 2/2
   434 | D:1      | Found a faded altar of an unknown god.
   440 | D:1      | Prayed at the altar of an unknown god.
   440 | D:1      | Became a worshipper of Xom of Many Doors
   449 | D:1      | Reached XP level 2. HP: 15/16 MP: 3/3
   568 | D:1      | XOM: smoke on damage
   841 | D:1      | XOM: god gift: short silver wand {god gift}
  1086 | D:2      | Reached XP level 3. HP: 20/20 MP: 4/4
  1215 | D:2      | XOM: scenery: summon butterflies
  1515 | D:2      | Got Xiast's Reference Book on the Electric Winter
  1526 | D:2      | XOM: god gift: staff of cold
  1601 | D:2      | XOM: scenery: create altars
  1812 | D:3      | Noticed THTSBRD's ghost (amateur DrBe)
  1812 | D:3      | Found a runed translucent gate.
  1812 | D:3      | Found a runed translucent gate.
  1812 | D:3      | Found a runed translucent gate.
  2321 | D:3      | XOM: cloud trail
  2413 | D:3      | Gained mutation: Your natural rate of healing is unusually
                  | fast. [Vine Stalker growth]
  2413 | D:3      | Reached XP level 4. HP: 24/24 MP: 5/5
  2545 | D:3      | XOM: smoke on damage
  2552 | D:3      | XOM: 2-stop teleportation journey
  2611 | D:3      | Found an opulent altar of Gozag.
  2694 | D:3      | XOM: give mutation
  2694 | D:3      | Gained mutation: You are agile. (Dex +4, Str/Int -1) [Xom's
                  | grace]
  2743 | D:3      | XOM: divination: magic mapping
  2754 | D:3      | XOM: snakes to sticks
  2891 | D:4      | XOM: summons friendly crimson imp
  2919 | D:4      | XOM: god gift: 17 gold pieces
  2923 | D:4      | Reached XP level 5. HP: 24/28 MP: 2/6
  2963 | D:4      | Found a bloodstained altar of Trog.
  2963 | D:4      | XOM: 1-stop teleportation journey
  2964 | D:4      | Noticed Edmund
  2967 | D:4      | HP: 1/28 [Edmund/+3 flail of venom (3)]
  2968 | D:4      | Succumbed to Edmund's poison

Illustrated notes

Levels and vault maps discovered:
D:1:      dpeg_arrival_solitude, layout_loops_ring,
          ebering_ecumenical_altar_webs
D:2:      layout_basic
D:3:      layout_basic, grunt_gozag_breadcrumbs, gammafunk_ghost_split
D:4:      nicolae_cairo_tiling_large_dashed, layout_loops_ring,
          old_standard_altar, uniq_edmund

Skill      XL: |  1  2  3  4 |
---------------+-------------+-----
Long Blades    | 2 3 |  3.5
Fighting       | 3 |  3.4
Armour         | 3 |  3.1
Shields        | |  2.6

Action                   |  1- 3 |  4- 6 || total
-------------------------+-------+-------++-------
Melee: Long sword        |    80 |    36 ||   116
       Bite              |    18 |    10 ||    28
       Punch             |     1 |       ||     1
  Use: Potion            |     1 |     1 ||     2
Armor: Scale mail        |    41 |     9 ||    50
Dodge: Dodged            |    44 |    10 ||    54
